 Dungeon Crawl Stone Soup version 0.22.0-38-g04b72b8 (webtiles) character file.

5905 Lew the Blocker (level 10, 0/90 HPs)
             Began as a Gnoll Fighter on Aug 28, 2018.
             Was a Follower of Ashenzari.
             Slain by a death yak (5 damage)
             ... on level 8 of the Dungeon.
             The game lasted 00:18:56 (8830 turns).

Lew the Blocker (Gnoll Fighter)                     Turns: 8830, Time: 00:18:57

Health: 0/90       AC: 15    Str: 23    XL:     10   Next: 82%
Magic:  18/18      EV: 12    Int: 13    God:    Ashenzari [*.....]
Gold:   858        SH:  0    Dex: 18    Spells: 20/20 levels left

rFire    . . .     SeeInvis .   a - +1 long sword
rCold    . . .     Gourm    .   c - +0 shield (curse)
rNeg     . . .     Faith    .   b - +0 scale mail
rPois    +         Spirit   .   (no helmet)
rElec    .         Reflect  .   y - +1 cloak {MR+} (curse)
rCorr    .         Harm     .   g - +2 pair of gloves (curse)
MR       +....                  x - +0 pair of boots (curse)
Stlth    ..........             (no amulet)
HPRegen  0.25/turn              j - ring of poison resistance
MPRegen  0.16/turn              (no ring)

@: confused, mighty
A: distributed training, fangs 1, hooves 1, clever 1, robust 1, strong nose
a: Curse Item, Scrying, Renounce Religion


You were on level 8 of the Dungeon.
You worshipped Ashenzari.
Ashenzari was aware of your devotion.
You were not hungry.

You visited 2 branches of the dungeon, and saw 9 of its levels.

You collected 1038 gold pieces.
You spent 180 gold pieces at shops.

Inventory:

Hand Weapons
 a - a +1 long sword (weapon)
 m - the +5 hunting sling of Dominance {velocity, Dex+5}
   (You found it on level 4 of the Dungeon)

   Any stone fired from it inflicts extra damage.
   It affects your dexterity (+5).
Missiles
 n - 24 sling bullets
 o - 226 stones (quivered)
Armour
 b - a +0 scale mail (worn)
 c - a cursed +0 shield (worn)
 g - a cursed +2 pair of gloves (worn)
 r - a +0 cloak
 u - a +0 plate armour of cold resistance
 x - a cursed +0 pair of boots (worn)
 y - a cursed +1 cloak of magic resistance (worn)
Jewellery
 j - a ring of poison resistance (left hand)
 w - an uncursed ring of fire
Wands
 d - a wand of digging (16)
 t - a wand of polymorph (16)
 B - a wand of flame (14)
Scrolls
 i - 2 scrolls of teleportation
 l - a scroll of amnesia
 q - 3 scrolls of remove curse
Potions
 e - a potion of resistance
 h - 2 potions of heal wounds
 p - a potion of mutation
 z - a potion of haste
Comestibles
 f - 13 rations


   Skills:
 + Level 8.7 Fighting
 + Level 5.5 Short Blades
 + Level 7.3 Long Blades
 + Level 5.5 Axes
 + Level 5.5 Maces & Flails
 + Level 5.5 Polearms
 + Level 5.5 Staves
 + Level 5.5 Slings
 + Level 5.5 Bows
 + Level 5.5 Crossbows
 + Level 5.5 Throwing
 + Level 8.7 Armour
 + Level 5.5 Dodging
 + Level 5.5 Stealth
 + Level 8.7 Shields
 + Level 5.5 Unarmed Combat
 + Level 5.5 Spellcasting
 + Level 4.5 Conjurations
 + Level 4.5 Hexes
 + Level 4.5 Charms
 + Level 4.5 Summonings
 + Level 4.5 Necromancy
 + Level 4.5 Translocations
 + Level 4.5 Transmutations
 + Level 4.5 Fire Magic
 + Level 4.5 Ice Magic
 + Level 4.5 Air Magic
 + Level 4.5 Earth Magic
 + Level 4.5 Poison Magic
 + Level 6.1 Invocations
 + Level 5.5 Evocations


You had 20 spell levels left.
You didn't know any spells.
Your spell library contained the following spells:

 Spells                   Type           Power        Failure   Level  Hunger
 Animate Skeleton         Necr           N/A          14%         1    None
 Apportation              Tloc           ###...       14%         1    None
 Confusing Touch          Hex            ###...       14%         1    None
 Summon Small Mammal      Summ           ###.         14%         1    None
 Confuse                  Hex            ###.....     38%         3    ###....
 Gell's Gravitas          Tloc           ###.......   38%         3    ###....
 Petrify                  Tmut/Erth      ###.....     80%         4    ####...
 Metabolic Englaciation   Hex/Ice        ###.......   98%         5    ######.
 Yara's Violent Unravell  Hex/Tmut       ###.......   98%         5    ######.


Dungeon Overview and Level Annotations

Branches:
Dungeon (8/15)             Temple (1/1) D:4            Lair (0/6) D:8

Altars:
Ashenzari
Cheibriados
Dithmenos
Elyvilon
Fedhas
Gozag
Hepliaklqana
Kikubaaqudgha
Makhleb
Nemelex Xobeh
Qazlal
Ru
Sif Muna
Trog
Uskayaw
Vehumet
Wu Jian
Xom
Yredelemnul
Zin
The Shining One

Shops:
D:6 [


Innate Abilities, Weirdness & Mutations

Your experience applies equally to all skills.
You have very sharp teeth.
Your uncanny sense of smell can sniff out nearby items.
You have large cloven feet.
Your mind is acute. (Int +2)
You are robust. (+10% HP)


Message History

The death yak is severely wounded.
The death yak barely misses you. The death yak gores you!
* * * LOW HITPOINT WARNING * * *
The death yak misses you.
You bump into the rock wall.
The death yak barely misses you.
The death yak gores you but does no damage.
You bump into the rock wall.
The death yak gores you!
* * * LOW HITPOINT WARNING * * *
The death yak barely misses you.
You hit the death yak.
You bite the death yak, but do no damage.
The death yak is lightly wounded.
The death yak closely misses you. The death yak gores you.
* * * LOW HITPOINT WARNING * * *
Your shield and scale mail prevent you from hitting the death yak.
The death yak is severely wounded.
The death yak gores you!
* * * LOW HITPOINT WARNING * * *
The death yak gores you.
You die...

....###..#####...
###.....####...#
####......#
##....## ##Y..#
##..# #..#
#..#######
#......Y@#
##......Y.##
#..........#
##..........## ∆
#............#
####.....#####
#######


You could see 2 death yaks.

Vanquished Creatures
  Harold (D:7)
  A death yak (D:8)
  Joseph (D:7)
  Grinder (D:3)
  A hippogriff (D:7)
  Sigmund (D:2)
  Eustachio (D:5)
  4 hogs (D:7)
  A human (D:7)
  A hungry ghost (D:7)
  Menkaure (D:7)
  Edmund (D:5)
  An ice beast (D:5)
  4 orc warriors
  A phantom (D:6)
  3 ogres
  3 centaurs
  4 bullfrogs
  2 scorpions
  6 orc priests
  8 orc wizards
  A centaur skeleton (D:8)
  A gnoll shaman (D:5)
  3 hounds
  2 bullfrog skeletons
  3 iguanas
  7 worker ants
  A killer bee zombie (D:5)
  A worker ant zombie (D:6)
  7 gnolls
  A howler monkey skeleton (D:7)
  6 adders
  2 shadow imps (D:5)
  An adder skeleton (D:4)
  3 worms
  3 leopard geckos
  27 orcs
  7 giant cockroaches
  16 goblins
  14 hobgoblins
  8 jackals
  5 quokkas
  9 bats
  6 frilled lizards
  8 kobolds
  2 leopard gecko skeletons (D:4)
  A leopard gecko zombie (D:5)
  A quokka skeleton (D:5)
  A quokka zombie (D:7)
  11 rats
205 creatures vanquished.

Notes
Turn   | Place    | Note
-------+----------+-------------------------------------------
     0 | D:1      | Lew the Gnoll Fighter began the quest for the Orb.
     0 | D:1      | Reached XP level 1. HP: 23/23 MP: 1/1
    83 | D:1      | Reached XP level 2. HP: 29/29 MP: 2/2
   426 | D:1      | Reached XP level 3. HP: 33/35 MP: 3/3
   758 | D:2      | Reached skill level 1 in Invocations
   769 | D:2      | Reached skill level 1 in Short Blades
   769 | D:2      | Reached skill level 1 in Axes
   769 | D:2      | Reached skill level 1 in Maces & Flails
   769 | D:2      | Reached skill level 1 in Polearms
   769 | D:2      | Reached skill level 1 in Staves
   769 | D:2      | Reached skill level 1 in Slings
   769 | D:2      | Reached skill level 1 in Bows
   769 | D:2      | Reached skill level 1 in Crossbows
   769 | D:2      | Reached skill level 1 in Throwing
   769 | D:2      | Reached skill level 1 in Dodging
   769 | D:2      | Reached skill level 1 in Stealth
   769 | D:2      | Reached skill level 1 in Unarmed Combat
   769 | D:2      | Reached skill level 1 in Spellcasting
   769 | D:2      | Reached skill level 1 in Evocations
   853 | D:2      | Reached XP level 4. HP: 41/41 MP: 5/5
  1039 | D:2      | Noticed Sigmund
  1084 | D:2      | Killed Sigmund
  1084 | D:2      | Reached skill level 1 in Conjurations
  1084 | D:2      | Reached skill level 1 in Hexes
  1084 | D:2      | Reached skill level 1 in Charms
  1084 | D:2      | Reached skill level 1 in Summonings
  1084 | D:2      | Reached skill level 1 in Necromancy
  1084 | D:2      | Reached skill level 1 in Translocations
  1084 | D:2      | Reached skill level 1 in Transmutations
  1084 | D:2      | Reached skill level 1 in Fire Magic
  1084 | D:2      | Reached skill level 1 in Ice Magic
  1084 | D:2      | Reached skill level 1 in Air Magic
  1084 | D:2      | Reached skill level 1 in Earth Magic
  1084 | D:2      | Reached skill level 1 in Poison Magic
  1084 | D:2      | Reached XP level 5. HP: 32/47 MP: 5/7
  1325 | D:3      | Found a stormy altar of Qazlal.
  1325 | D:3      | Noticed Grinder
  1333 | D:3      | Paralysed by Grinder for 5 turns
  1536 | D:3      | Gained mutation: You do not regenerate when monsters are visible. [potion of mutation]
  1536 | D:3      | Gained mutation: You are dopey. (Int -2) [potion of mutation]
  1536 | D:3      | Gained mutation: Your spells are a little harder to cast, but a little more powerful. [potion of mutation]
  1717 | D:3      | Found a shadowy altar of Dithmenos.
  1717 | D:3      | Found a hazy altar of Hepliaklqana.
  1717 | D:3      | Found a hide-covered altar of Uskayaw.
  1718 | D:3      | Found a basalt altar of Yredelemnul.
  1737 | D:3      | Reached XP level 6. HP: 53/53 MP: 8/8
  1961 | D:3      | Reached skill level 5 in Long Blades
  2247 | D:3      | Paralysed by Grinder for 7 turns
  2264 | D:3      | Killed Grinder
  2264 | D:3      | Reached XP level 7. HP: 60/60 MP: 10/10
  3410 | D:4      | Lost mutation: Your spells are a little harder to cast, but a little more powerful. [potion of mutation]
  3410 | D:4      | Lost mutation: You do not regenerate when monsters are visible. [potion of mutation]
  3410 | D:4      | Lost mutation: You are dopey. (Int -2) [potion of mutation]
  3410 | D:4      | Gained mutation: You have large cloven feet. [potion of mutation]
  3410 | D:4      | Gained mutation: Your mind is acute. (Int +2) [potion of mutation]
  3410 | D:4      | Gained mutation: You are robust. (+10% HP) [potion of mutation]
  3432 | D:4      | Got a pitted hunting sling
  3433 | D:4      | Identified the +5 hunting sling of Dominance {velocity, Dex+5} (You found it on level 4 of the Dungeon)
  3873 | D:5      | Entered Level 5 of the Dungeon
  3873 | D:5      | Noticed Eustachio
  3901 | D:5      | Killed Eustachio
  3901 | D:5      | Reached XP level 8. HP: 67/73 MP: 12/12
  4010 | D:5      | Noticed Edmund
  4095 | D:5      | Killed Edmund
  4645 | D:4      | Found a sparkling altar of Nemelex Xobeh.
  4783 | D:4      | Found a staircase to the Ecumenical Temple.
  5155 | D:4      | Got a warped hunting sling
  5157 | D:4      | Identified the +1 hunting sling "Sysor" {velocity, rN+} (You took it off an orc on level 4 of the Dungeon)
  5248 | Temple   | Entered the Ecumenical Temple
  5370 | Temple   | Became a worshipper of Ashenzari the Shackled
  5426 | D:6      | Found Ascho's Armour Boutique.
  5464 | D:6      | Reached XP level 9. HP: 79/79 MP: 14/14
  5611 | D:6      | Found a burning altar of Makhleb.
  5722 | D:6      | Found a shadowy altar of Dithmenos.
  5741 | D:6      | Bought a cursed +0 pair of boots for 42 gold pieces
  5741 | D:6      | Bought a +0 cloak of magic resistance for 138 gold pieces
  6155 | D:7      | Noticed Menkaure
  6161 | D:7      | Killed Menkaure
  6349 | D:7      | Reached * piety under Ashenzari
  6365 | D:7      | Noticed Harold
  6398 | D:7      | Killed Harold
  6398 | D:7      | Reached skill level 5 in Invocations
  6400 | D:7      | Found a bloodstained altar of Trog.
  6427 | D:7      | Noticed Joseph
  6646 | D:7      | Killed Joseph
  6646 | D:7      | Reached XP level 10. HP: 59/88 MP: 15/17
  6784 | D:7      | Reached skill level 5 in Short Blades
  6784 | D:7      | Reached skill level 5 in Axes
  6784 | D:7      | Reached skill level 5 in Maces & Flails
  6784 | D:7      | Reached skill level 5 in Polearms
  6784 | D:7      | Reached skill level 5 in Staves
  6784 | D:7      | Reached skill level 5 in Slings
  6784 | D:7      | Reached skill level 5 in Bows
  6784 | D:7      | Reached skill level 5 in Crossbows
  6784 | D:7      | Reached skill level 5 in Throwing
  6784 | D:7      | Reached skill level 5 in Dodging
  6784 | D:7      | Reached skill level 5 in Stealth
  6784 | D:7      | Reached skill level 5 in Unarmed Combat
  6784 | D:7      | Reached skill level 5 in Spellcasting
  6784 | D:7      | Reached skill level 5 in Evocations
  7537 | D:7      | Identified a scroll of acquirement
  7793 | D:8      | Found a glowing silver altar of Zin.
  7934 | D:8      | Found a radiant altar of Vehumet.
  7975 | D:8      | Found a radiant altar of Vehumet.
  8049 | D:8      | Noticed a death yak
  8053 | D:8      | Noticed a death yak
  8054 | D:8      | Noticed a death yak
  8056 | D:8      | Noticed a death yak
  8057 | D:8      | Noticed a death yak
  8059 | D:8      | Noticed a death yak
  8060 | D:8      | Noticed a death yak
  8066 | D:8      | Killed a death yak
  8384 | D:8      | Found a staircase to the Lair.
  8828 | D:8      | HP: 3/90 [death yak (13)]
  8830 | D:8      | Slain by a death yak

Skill      XL: |  1  2  3  4  5  6  7  8  9 10 |
---------------+-------------------------------+-----
Invocations    | 1 2 3 4 5 6 |  6.1
Short Blades   | 1 2 3 4 5 |  5.5
Axes           | 1 2 3 4 5 |  5.5
Maces & Flails | 1 2 3 4 5 |  5.5
Polearms       | 1 2 3 4 5 |  5.5
Staves         | 1 2 3 4 5 |  5.5
Slings         | 1 2 3 4 5 |  5.5
Bows           | 1 2 3 4 5 |  5.5
Crossbows      | 1 2 3 4 5 |  5.5
Throwing       | 1 2 3 4 5 |  5.5
Dodging        | 1 2 3 4 5 |  5.5
Stealth        | 1 2 3 4 5 |  5.5
Unarmed Combat | 1 2 3 4 5 |  5.5
Spellcasting   | 1 2 3 4 5 |  5.5
Evocations     | 1 2 3 4 5 |  5.5
Conjurations   | 1 2 3 4 |  4.5
Hexes          | 1 2 3 4 |  4.5
Charms         | 1 2 3 4 |  4.5
Summonings     | 1 2 3 4 |  4.5
Necromancy     | 1 2 3 4 |  4.5
Translocations | 1 2 3 4 |  4.5
Transmutations | 1 2 3 4 |  4.5
Fire Magic     | 1 2 3 4 |  4.5
Ice Magic      | 1 2 3 4 |  4.5
Air Magic      | 1 2 3 4 |  4.5
Earth Magic    | 1 2 3 4 |  4.5
Poison Magic   | 1 2 3 4 |  4.5
Long Blades    | 5 6 7 |  7.3
Fighting       | 7 8 |  8.7
Armour         | 7 8 |  8.7
Shields        | 7 8 |  8.7

Action                   |  1- 3 |  4- 6 |  7- 9 | 10-12 || total
-------------------------+-------+-------+-------+-------++-------
Melee: Long sword        |    81 |   105 |   103 |    40 ||   329
       Bite              |    14 |    14 |    22 |    10 ||    60
       Hunting sling     |       |       |     3 |       ||     3
 Fire: Hunting sling     |       |       |   254 |   154 ||   408
Invok: Curse Item        |       |       |     3 |       ||     3
Evoke: Wand              |       |       |       |     1 ||     1
  Use: Potion            |       |     6 |     2 |     3 ||    11
       Scroll            |       |     3 |     8 |     8 ||    19
  Eat: Ration            |       |     2 |     3 |     1 ||     6
       Chunk             |       |       |     4 |     5 ||     9
Armor: Scale mail        |    25 |    46 |    96 |    41 ||   208
Dodge: Dodged            |    22 |    30 |    79 |    53 ||   184
Block: Shield            |    43 |    58 |   131 |    58 ||   290
       Rpst.: Long sword |     7 |     7 |     9 |     4 ||    27
